 Dungeon Crawl Stone Soup version 0.28-a0-1594-ga885d4b3d6 (webtiles) character file.

Game seed: 14923643516450427257

602 lonewolfV2 the Chopper (level 7, -4/99 HPs)
             Began as a Naga Berserker on Jan 20, 2022.
             Was a Believer of Trog.
             Slain by an orc warrior (5 damage)
             ... on level 5 of the Dungeon.
             The game lasted 00:10:44 (6336 turns).

lonewolfV2 the Chopper (Naga Berserker)             Turns: 6336, Time: 00:10:45

Health: -4/99      AC:  4    Str: 21    XL:     7   Next: 41%
Magic:  7/7        EV: 10    Int:  8    God:    Trog [**....]
Gold:   237        SH:  0    Dex: 10    Spells: 6/6 levels left

rFire   . . .      SeeInvis +   j - +2 club (spect)
rCold   . . .      Faith    .   (no shield)
rNeg    . . .      Spirit   .   b - +1 animal skin
rPois   +          Reflect  .   (no helmet)
rElec   .          Harm     .   (no cloak)
rCorr   .          Rampage  .   (no gloves)
Will    .....                   (no barding)
Stlth   ..........              (no amulet)
HPRegen 0.26/turn               (no ring)
MPRegen 0.10/turn               (no ring)

@: berserking (expiring), quick
A: AC +2, large, see invisible, deformed body, poison resistance, slowness 2,
spit poison 1, naga tail 1
a: Spit Poison, Renounce Religion, Berserk, Trog's Hand


You were on level 5 of the Dungeon.
You worshipped Trog.
Trog was pleased with you.
You visited 1 branch of the dungeon, and saw 5 of its levels.

You collected 237 gold pieces.

Inventory:

Hand Weapons
 a - a +0 hand axe of chaos
 j - a +2 spectral club (weapon)
Armour
 b - a +1 animal skin (worn)
Wands
 e - a wand of acid (13)
 k - a wand of mindburst (12)
Scrolls
 c - a scroll of teleportation
 d - a scroll of amnesia
Potions
 f - 2 potions of mutation
 g - a potion of cancellation
 h - a potion of flight
 i - a potion of heal wounds
 l - a potion of haste
 n - a potion of might
 o - 2 potions of degeneration
 p - a potion of magic
 q - a potion of curing


   Skills:
 + Level 4.6 Fighting
 + Level 5.5(5.8) Axes
 + Level 2.5(4.3) Maces & Flails
 + Level 1.6 Armour
 + Level 2.9 Dodging
 + Level 3.9 Stealth


You had 6 spell levels left.
You didn't know any spells.
Your spell library contained the following spells:

 Spells                   Type           Power      Damage    Failure   Level
 Ensorcelled Hibernation  Hex/Ice        0%         N/A       54%         2
 Spider Form              Tmut/Pois      0%         N/A       78%         3
 Anguish                  Hex/Necr       0%         N/A       99%         4


Dungeon Overview and Level Annotations

Branches:
Dungeon (5/15)             Temple (0/1) D:5

Altars:

Shops:
D:3 [


Innate Abilities, Weirdness & Mutations

Your serpentine skin is tough. (AC +2)
You have supernaturally acute eyesight. (SInv)
Armour fits poorly on your strangely shaped body.
Your system is resistant to poisons. (rPois)
You cover ground very slowly.
You can spit poison.
You have a snake-like lower body.


Message History

A red film seems to cover your vision as you go berserk!
You feel yourself moving faster!
You feel mighty!
The orc warrior hits you with a +0 flail!
You thump the orc warrior!
The orc warrior is moderately wounded.
The orc warrior barely misses you.
You sock the orc warrior!
The orc warrior is heavily wounded.
The orc warrior misses you.
You closely miss the orc warrior.
The orc warrior is heavily wounded.
The orc warrior closely misses you.
An orc wizard comes into view. It is wielding a +0 dagger.
You closely miss the orc warrior.
The orc warrior is heavily wounded.
You sock the orc warrior!
The orc warrior is severely wounded.
The orc warrior hits you with a +0 flail!!
You hit the orc warrior.
The orc warrior is severely wounded.
The orc warrior closely misses you.
You hit the orc warrior but do no damage.
The orc warrior is severely wounded.
You closely miss the orc warrior.
The orc warrior is severely wounded.
The orc warrior hits you with a +0 flail!
* * * LOW HITPOINT WARNING * * *
You hit the orc warrior but do no damage.
The orc warrior is severely wounded.
The orc warrior hits you with a +0 flail!
* * * LOW HITPOINT WARNING * * *
You are too berserk!
Unknown command.
You are too berserk!
You hit the orc warrior.
The orc warrior is almost dead.
You hit the orc warrior.
The orc warrior is almost dead.
The orc warrior hits you with a +0 flail.
You die...

#................ #.
#....#######.#.## .#+#+##
#................ .o...#
#...#####....#.## ....
#...########.#.#. . o..
#.........##.#.#. ... #'#
#...#####.##.....
.....##Z#####........####...
.......oooo@>...............
#######.######..............
#.# ##...#########. #+#
##### #. #. #. #. #. #.


You could see an orc warrior, an orc wizard, 2 orcs and a bullfrog skeleton.

Vanquished Creatures
  A sky beast (D:5)
  An ice beast (D:5)
  A kobold brigand (D:4)
  A scorpion (D:5)
  2 hounds (D:5)
  A jelly (D:5)
  Jessica (D:3)
  Ijyb (D:3)
  An iguana (D:4)
  2 hound skeletons (D:4)
  An adder (D:2)
  A white imp (D:5)
  An adder skeleton (D:4)
  5 worms
  2 dart slugs
  2 orcs
  6 bats
  4 endoplasms
  2 giant cockroaches
  8 goblins
  4 hobgoblins
  4 jackals (D:2)
  4 quokkas
  8 ball pythons
  A frilled lizard (D:1)
  4 kobolds
  6 rats
75 creatures vanquished.

Notes
Turn   | Place    | Note
-------+----------+-------------------------------------------
     0 | D:1      | lonewolfV2 the Naga Berserker began the quest for the Orb.
     0 | D:1      | Reached XP level 1. HP: 21/21 MP: 1/1
   375 | D:1      | Found a faded altar of an unknown god.
   457 | D:1      | HP: 1/21 [dart slug/slug dart (6)]
   459 | D:1      | Reached XP level 2. HP: 1/28 MP: 2/2
  1353 | D:2      | Reached XP level 3. HP: 27/34 MP: 3/3
  2324 | D:2      | Reached skill level 4 in Axes
  2546 | D:2      | Reached XP level 4. HP: 41/43 MP: 4/4
  2988 | D:3      | Noticed Ijyb
  2997 | D:3      | Killed Ijyb
  2998 | D:3      | Reached skill level 1 in Stealth
  3152 | D:3      | Found Delim Nizu's Armour Boutique.
  3213 | D:3      | Reached ** piety under Trog
  3427 | D:3      | Noticed Jessica
  3433 | D:3      | Killed Jessica
  3434 | D:3      | Reached XP level 5. HP: 24/50 MP: 5/5
  4685 | D:4      | Noticed a kobold brigand
  4693 | D:4      | Killed a kobold brigand
  4694 | D:4      | Reached skill level 5 in Axes
  4694 | D:4      | Reached XP level 6. HP: 25/57 MP: 6/6
  5227 | D:5      | Entered Level 5 of the Dungeon
  5337 | D:5      | Reached skill level 1 in Maces & Flails
  5381 | D:5      | Noticed a sky beast
  5391 | D:5      | Killed a sky beast
  5392 | D:5      | Reached XP level 7. HP: 57/66 MP: 7/7
  5452 | D:5      | Found a staircase to the Ecumenical Temple.
  6333 | D:5      | HP: 1/99 [orc warrior (14)]
  6336 | D:5      | Slain by an orc warrior

Illustrated notes

Levels and vault maps discovered:
D:1:      onia_arrival_pyramid, layout_loops_ring,
          shapermc_ecumenical_altar_mp_urbaneastern,
          chequers_serial_rivers_small_b
D:2:      layout_basic, minmay_misc_feat_room, uniq_crazy_yiuf_cottage
D:3:      layout_loops_ring, serial_shops, nicolae_lakefront_shop,
          nicolae_wormholes, uniq_ijyb, uniq_jessica
D:4:      layout_gridville
D:5:      layout_basic, minmay_temple_entry_junction, kennysheep_cluttered_room

Skill      XL: |  1  2  3  4  5  6  7 |
---------------+----------------------+-----
Axes           | 4 5 |  5.5
Stealth        | 1 2 3 |  3.9
Dodging        | 2 |  2.9
Fighting       | 4 |  4.6
Maces & Flails | 1 2 |  2.5
Armour         | |  1.6

Action                   |  1- 3 |  4- 6 |  7- 9 || total
-------------------------+-------+-------+-------++-------
Melee: Hand axe          |    77 |    24 |       ||   101
       Punch             |     1 |     1 |       ||     2
       Club              |       |    56 |    41 ||    97
Invok: Berserk           |       |       |     1 ||     1
 Abil: Spit Poison       |    24 |    24 |     2 ||    50
  Use: Potion            |     1 |       |       ||     1
       Scroll            |       |    14 |     4 ||    18
 Stab: Distracted        |       |     2 |       ||     2
Armor: Animal skin       |    12 |    16 |     9 ||    37
Dodge: Dodged            |    36 |    31 |    17 ||    84

Table legend: (Time is in decaauts)
 A = Elapsed time spent in this place.
 B = Non-inter-level travel time spent in this place.
 C = Inter-level travel time spent in this place.
 D = Time resting spent in this place.
 E = Time spent auto-exploring this place.
 F = Levels seen in this place.
 G = Mean time per level.
                   A        B        C        D        E       F      G
               +--------+--------+--------+--------+--------+-----+--------+
         Total |   7415 |   7321 |     94 |   2199 |   4134 |   5 | 1483.0 |
       Dungeon |   7415 |   7321 |     94 |   2199 |   4134 |   5 | 1483.0 |
               +--------+--------+--------+--------+--------+-----+--------+

Top non-repeatable levels by time:
     D:2: 2089 daAuts
     D:1: 1450 daAuts
     D:3: 1431 daAuts
     D:4: 1225 daAuts
     D:5: 1218 daAuts
